 Dungeon Crawl Stone Soup version 0.22-a0-458-gb446440 (webtiles) character file.

255 4thArraOfDagon the Chopper (level 6, -4/56 HPs)
             Began as a Hill Orc Fighter on June 8, 2018.
             Was a Follower of Okawaru.
             Slain by a gnoll
             ... wielding a +0 flail
              (8 damage)
             ... on level 3 of the Dungeon.
             The game lasted 00:01:15 (282 turns).

4thArraOfDagon the Chopper (Hill Orc Fighter)        Turns: 282, Time: 00:01:16

Health: -4/56      AC:  6    Str: 23 (24) XL:     6   Next: 15%
Magic:  8/8        EV:  7    Int:  8 (10) God:    Okawaru [*.....]
Gold:   24         SH:  9    Dex:  8 (10) Spells: 5/5 levels left

rFire    . . .     SeeInvis .   a - +0 war axe
rCold    . . .     Gourm    .   c - +0 shield
rNeg     . . .     Faith    .   b - +0 scale mail
rPois    .         Spirit   .   (no helmet)
rElec    .         Reflect  .   (no cloak)
rCorr    .         Harm     .   (no gloves)
MR       .....                  (no boots)
Stlth    ..........             (no amulet)
HPRegen  0.18/turn              (no ring)
MPRegen  0.11/turn              (no ring)

@: mighty, slowed, very slow
A: no striking features
a: Heroism, Renounce Religion


You were on level 3 of the Dungeon.
You worshipped Okawaru.
Okawaru was aware of your devotion.
You were not hungry.

You visited 1 branch of the dungeon, and saw 3 of its levels.

You collected 24 gold pieces.

Inventory:

Hand Weapons
 a - a +0 war axe (weapon)
Armour
 b - a +0 scale mail (worn)
 c - a +0 shield (worn)
Comestibles
 f - 2 rations


   Skills:
 + Level 5.1 Fighting
 * Level 6.2 Axes
 - Level 3.2 Armour
 - Level 3.2 Shields
 + Level 3.2 Invocations


You had 5 spell levels left.
You didn't know any spells.
Your spell library was empty.

Dungeon Overview and Level Annotations

Branches:
Dungeon (3/15)

Altars:
Elyvilon
Fedhas
Okawaru
Sif Muna


Message History

The gnoll is heavily wounded.
The gnoll hits you with a flail!
* * * LOW HITPOINT WARNING * * *
The gnoll hits you with a flail.
* * * LOW HITPOINT WARNING * * *
Unknown command.
Unknown command.
Your shield prevents you from hitting the gnoll.
The gnoll is heavily wounded.
You block the gnoll's attack.
Unknown command.
Unknown command.
It was a potion of magic.
Magic courses through your body. You block the gnoll's attack.
Unknown command.
It was a potion of degeneration.
There was something very wrong with that liquid.
You feel weakened.
You feel dopey.
You feel clumsy. The gnoll hits you with a flail!
You die...

.... ... #..
#.. #..###
##....
##..g)###..#
#...†@†....#
#....)##...#
#.....# ..#
###...# #
#.#.# #.#..
..#.. ...##.


You could see a gnoll.

Vanquished Creatures
  A hippogriff (D:3)
  Jessica (D:3)
  Robin (D:3)
  An ooze (D:1)
  An orc (D:3)
  10 goblins
  5 hobgoblins
  4 bats
  2 frilled lizards (D:1)
  2 kobolds
  A rat (D:2)
29 creatures vanquished.

Notes
Turn   | Place    | Note
-------+----------+-------------------------------------------
     0 | D:1      | 4thArraOfDagon the Hill Orc Fighter began the quest for the Orb.
     0 | D:1      | Reached XP level 1. HP: 19/19 MP: 1/1
    33 | D:1      | Reached skill level 3 in Axes
    34 | D:1      | Reached XP level 2. HP: 17/27 MP: 2/2
   172 | D:2      | Found a deep blue altar of Sif Muna.
   175 | D:2      | Found a white marble altar of Elyvilon.
   178 | D:2      | Found a blossoming altar of Fedhas.
   181 | D:2      | Found an iron altar of Okawaru.
   186 | D:2      | Became a worshipper of Warmaster Okawaru
   264 | D:3      | Noticed Robin
   264 | D:3      | Noticed a hippogriff
   268 | D:3      | Killed Robin
   268 | D:3      | Reached skill level 4 in Axes
   268 | D:3      | Reached skill level 1 in Invocations
   268 | D:3      | Reached XP level 3. HP: 31/33 MP: 3/3
   268 | D:3      | Noticed Jessica
   273 | D:3      | Killed a hippogriff
   273 | D:3      | Reached * piety under Okawaru
   273 | D:3      | Reached skill level 5 in Fighting
   273 | D:3      | Reached skill level 6 in Axes
   273 | D:3      | Reached XP level 4. HP: 23/42 MP: 3/6
   273 | D:3      | Reached XP level 5. HP: 26/48 MP: 3/7
   273 | D:3      | Reached XP level 6. HP: 31/56 MP: 3/8
   276 | D:3      | Killed Jessica
   282 | D:3      | Slain by a gnoll

Vault maps used:
D:1:      minmay_arrival_pointy, serial_bayou_pond_e, minmay_split_cup_large
D:2:      lemuel_doored_altar, grunt_temple_overflow_cloverleaf,
          fedhas_altar_fruit_tree
D:3:      nicolae_overflow_crystal_walls, first_ration, uniq_jessica, uniq_robin

Skill      XL: |  1  2  3 |
---------------+----------+-----
Axes           | 3 4 6 |  6.2
Fighting       | 4 5 |  5.1
Invocations    | 1 3 |  3.2
Armour         | |  3.2
Shields        | |  3.2

Action                   |  1- 3 |  4- 6 || total
-------------------------+-------+-------++-------
Melee: War axe           |    45 |     7 ||    52
  Use: Potion            |     1 |     2 ||     3
Armor: Scale mail        |    46 |     5 ||    51
Dodge: Dodged            |    22 |     6 ||    28
Block: Shield            |    39 |    10 ||    49

Table legend:
 A = Spawn XP
 B = Non-spawn XP
 C = Spawn XP percentage of total XP
 D = Spawn monster count
 E = Non-spawn monster count
 F = Spawn count percentage of total count
 G = Total turns spent on level
                    A         B        C        D         E        F      G
               +---------+---------+-------+---------+---------+-------+---------
         Total |       0 |     365 |   0.0 |       0 |      29 |   0.0 |   282
               +---------+---------+-------+---------+---------+-------+---------
           D:1 |       0 |      16 |   0.0 |       0 |       7 |   0.0 |   165
           D:2 |       0 |       6 |   0.0 |       0 |       5 |   0.0 |    99
           D:3 |       0 |     343 |   0.0 |       0 |      17 |   0.0 |    18
               +---------+---------+-------+---------+---------+-------+---------
